 Dungeon Crawl Stone Soup version 0.24.0-125-gc4c63601f3 (webtiles) character file.

Game seed: 15752886714104549117, levelgen mode: deterministic

23377 LordColdy the Tortoise (level 12, -6/108 HPs)
             Began as a Minotaur Berserker on Mar 1, 2020.
             Was a High Priest of Trog.
             Mangled by Sonja
             ... wielding a +1 dagger of distortion
              (18 damage)
             ... on level 2 of the Lair of Beasts.
             The game lasted 00:29:14 (11001 turns).

LordColdy the Tortoise (Minotaur Berserker)        Turns: 11001, Time: 00:29:14

Health: -6/108     AC: 22    Str: 28    XL:     12   Next: 71%
Magic:  14/14      EV: 13    Int:  4    God:    Trog [*****.]
Gold:   849        SH:  5    Dex: 13    Spells: 11/11 levels left

rFire    . . .     SeeInvis .   r - +1 mace (protect)
rCold    . . .     Gourm    .   I - +0 buckler
rNeg     . . .     Faith    .   n - +1 plate armour
rPois    .         Spirit   .   (helmet restricted)
rElec    .         Reflect  .   q - +2 cloak {+Inv}
rCorr    .         Harm     .   (no gloves)
MR       .....                  (no boots)
Stlth    ..........             (no amulet)
HPRegen  0.28/turn              m - +4 ring of strength
MPRegen  0.14/turn              t - +3 ring of evasion

@: slowed, very slow
A: retaliatory headbutt, hooves 1, horns 2, blurry vision 1, screaming 1, sturdy
frame 1
a: Berserk, Trog's Hand, Brothers in Arms, Renounce Religion, Evoke Invisibility


You were on level 2 of the Lair of Beasts.
You worshipped Trog.
Trog was extremely pleased with you.
You were not hungry.

You visited 2 branches of the dungeon, and saw 13 of its levels.

You collected 849 gold pieces.

Inventory:

Hand Weapons
 a - the +9 great sword of Tuwes {vamp, +Rage SInv}
   (You found it on level 5 of the Dungeon)

   It inflicts no extra harm, but heals its wielder when it wounds a living foe.
   It lets you see invisible.
   It lets you go berserk.
 r - a +1 mace of protection (weapon)
 s - a +0 mace of holy wrath
 v - a +2 whip of electrocution
Missiles
 y - 6 boomerangs (quivered)
Armour
 k - a +3 leather armour of cold resistance
 n - a +1 plate armour (worn)
 q - a +2 cloak of invisibility (worn)
 I - a +0 buckler (worn)
Jewellery
 h - an uncursed ring of flight
 m - a +4 ring of strength (left hand)
 t - a +3 ring of evasion (right hand)
Wands
 f - a wand of random effects (9)
 w - a wand of flame (5)
 x - a wand of paralysis (7)
 A - a wand of scattershot (10)
 K - a wand of polymorph (6)
Scrolls
 b - 15 scrolls of identify
 g - 6 scrolls of remove curse
 i - 2 scrolls of enchant weapon
 l - 2 scrolls of blinking
 p - 7 scrolls of teleportation
 u - 3 scrolls of enchant armour
 C - 2 scrolls of holy word {unknown}
 D - 2 scrolls of summoning
 F - 4 scrolls of magic mapping
 G - 5 scrolls of fog
Potions
 d - a potion of invisibility
 e - 2 potions of mutation
 j - 2 potions of brilliance
 o - a potion of agility
 z - 4 potions of heal wounds
 B - 3 potions of curing
 E - a potion of resistance {unknown}
 H - a potion of might
 J - a potion of flight
Comestibles
 c - 41 rations
 L - a chunk of flesh


   Skills:
 * Level 10.8 Fighting
 - Level 14.0 Maces & Flails
 + Level 17.1 Armour
 * Level 2.1 Dodging
 - Level 4.1 Shields
 - Level 5.0 Evocations


You had 11 spell levels left.
You didn't know any spells.
Your spell library was empty.

Dungeon Overview and Level Annotations

Branches:
Dungeon (11/15)            Temple (0/1) D:6            Lair (2/6) D:9
    Orc (0/2) D:9
  Swamp: Lair:2-4    Shoals: Lair:2-4     Snake: Lair:2-4    Spider: Lair:2-4

Altars:
Elyvilon
Fedhas
Hepliaklqana
Kikubaaqudgha
Makhleb
Nemelex Xobeh
Okawaru
Ru
Sif Muna
Xom
Zin

Shops:
D:6 ?   D:8 ((

Annotations:
Lair:2 2 transporters, Reachock's ghost, journeyman DEWz; Sonja


Innate Abilities, Weirdness & Mutations

You reflexively headbutt those who attack you in melee.
You have a pair of horns on your head.
You have large cloven feet.
Scrolls take you a little longer to read.
You occasionally shout uncontrollably at your foes.
Your movements are slightly less encumbered by armour. (ER -2)


Message History

You feel very sick.
Sonja throws a curare-tipped dart.
The curare-tipped dart hits you.
You are more poisoned.
You have difficulty breathing.
* * * LOW HITPOINT WARNING * * *
You feel as though you will be slow longer.
You see here a curare-tipped dart.
You barely miss Sonja. Your headbutt misses Sonja.
* * * LOW HITPOINT WARNING * * *
You feel very sick.
Sonja hits you with a +1 dagger of distortion.
* * * LOW HITPOINT WARNING * * *
You blink.
Your ogre goes berserk!
You feel somewhat more hungry.
* * * LOW HITPOINT WARNING * * *
You feel very sick.
You feel better.
Your ogre completely misses Sonja.
Sonja hits you but does no damage. Space warps horribly around you!!
You die...

####...## ###.....##
............
............
............
....#..#..##
.รท..############## ##
....##.#####..##.#..##..
..<............K@.......
..............O.........
.........(.(............
.#######.####P##..####..
.# #.## #####.# . .# ###
## ..# ### #


You could see Sonja and a friendly ogre (berserk).

Vanquished Creatures
  2 two-headed ogres (D:11)
  Pikel (D:4)
  A manticore (D:11)
  A cyclops (D:11)
  A deep elf mage (D:11)
  An ugly thing (D:11)
  A black mamba (Lair:2)
  An elephant (D:9)
  Joseph (D:10)
  4 spiny frogs
  3 komodo dragons
  3 trolls
  A hornet (D:9)
  Grinder (D:5)
  6 hippogriffs
  2 dream sheep (D:8)
  A wyvern (Lair:2)
  29 yaks
  A basilisk (D:9)
  Eustachio (D:5)
  A shadow (D:11)
  A hungry ghost (D:10)
  A water moccasin (D:11)
  Duvessa (D:6)
  2 orc warriors
  A porcupine (Lair:1)
  6 ice beasts
  4 sky beasts
  6 necrophages
  7 ogres
  3 phantoms
  5 centaurs
  An eye of draining (D:9)
  4 crocodiles
  2 big kobolds (D:8)
  12 bullfrogs
  3 gnoll sergeants (D:8)
  Dowan (D:6)
  7 scorpions
  A wyvern skeleton (D:10)
  A water moccasin skeleton (D:5)
  4 killer bees (D:9)
  10 wights
  7 howler monkeys
  7 crimson imps
  3 orc priests
  2 bullfrog skeletons
  6 jellies
  5 hounds
  2 centaur skeletons (D:4)
  Crazy Yiuf (D:2)
  7 orc wizards
  A gnoll shaman (D:8)
  4 iguanas
  12 worker ants
  A killer bee zombie (D:9)
  A hound skeleton (D:11)
  10 gnolls (D:8)
  3 worker ant zombies
  15 adders
  2 oozes
  An adder zombie (D:9)
  2 adder skeletons
  2 worms
  A dart slug (D:1)
  4 leopard geckos
  37 orcs
  A ball python (D:1)
  3 bats
  3 goblins
  8 hobgoblins
  6 jackals
  5 kobolds
  2 quokkas (D:5)
  4 frilled lizards
  A leopard gecko skeleton (D:4)
  A quokka zombie (D:9)
  4 rats
  A fungus (D:2)
321 creatures vanquished.

Vanquished Creatures (collateral kills)
  A hydra (D:8)
  A two-headed ogre (D:9)
  2 yaks (D:8)
  A big kobold (D:8)
5 creatures vanquished.

Vanquished Creatures (others)
  A bush (D:9)
  6 plants
7 creatures vanquished.

Grand Total: 333 creatures vanquished

Notes
Turn   | Place    | Note
-------+----------+-------------------------------------------
     0 | D:1      | LordColdy the Minotaur Berserker began the quest for the
                  | Orb.
     0 | D:1      | Reached XP level 1. HP: 19/19 MP: 0/0
   255 | D:1      | Reached XP level 2. HP: 19/26 MP: 1/1
   778 | D:2      | Reached skill level 5 in Maces & Flails
   797 | D:2      | Reached XP level 3. HP: 20/31 MP: 2/2
  1142 | D:2      | Found a white marble altar of Elyvilon.
  1200 | D:2      | Reached ** piety under Trog
  1351 | D:2      | Reached XP level 4. HP: 31/39 MP: 3/3
  1524 | D:2      | Found a runed translucent door.
  1525 | D:2      | Noticed Crazy Yiuf
  1532 | D:2      | Killed Crazy Yiuf
  1619 | D:3      | Found a faded altar of an unknown god.
  2022 | D:4      | Reached skill level 3 in Armour
  2022 | D:4      | Reached XP level 5. HP: 45/45 MP: 4/4
  2054 | D:4      | Noticed an ogre
  2063 | D:4      | Killed an ogre
  2063 | D:4      | Reached skill level 4 in Armour
  2063 | D:4      | Reached XP level 6. HP: 51/51 MP: 5/5
  2190 | D:4      | Reached skill level 5 in Armour
  2464 | D:4      | Reached XP level 7. HP: 57/57 MP: 6/6
  2484 | D:4      | Noticed Pikel
  2496 | D:4      | Killed Pikel
  2496 | D:4      | Reached skill level 7 in Armour
  2496 | D:4      | Reached XP level 8. HP: 47/64 MP: 7/7
  2837 | D:5      | Entered Level 5 of the Dungeon
  2895 | D:5      | Reached skill level 10 in Maces & Flails
  2895 | D:5      | Reached skill level 8 in Armour
  3061 | D:5      | Reached skill level 13 in Armour
  3061 | D:5      | Reached XP level 9. HP: 70/70 MP: 8/8
  3109 | D:5      | Noticed Grinder
  3112 | D:5      | Got an ancient great sword
  3113 | D:5      | Identified the +9 great sword of Tuwes {vamp, +Rage SInv}
                  | (You found it on level 5 of the Dungeon)
  3117 | D:5      | Paralysed by Grinder for 4 turns
  3129 | D:5      | Killed Grinder
  3160 | D:5      | Reached *** piety under Trog
  3224 | D:5      | Found a sparkling altar of Nemelex Xobeh.
  3240 | D:5      | Noticed Eustachio
  3259 | D:5      | Killed Eustachio
  3393 | D:5      | Found an ancient bone altar of Kikubaaqudgha.
  3393 | D:5      | Found an iron altar of Okawaru.
  3528 | D:6      | Reached skill level 1 in Evocations
  3659 | D:6      | Found a staircase to the Ecumenical Temple.
  3697 | D:6      | Found Sud Dohe's Magic Scroll Shoppe.
  3842 | D:6      | Found a burning altar of Makhleb.
  3842 | D:6      | Found a shimmering blue altar of Sif Muna.
  3842 | D:6      | Found a hazy altar of Hepliaklqana.
  3842 | D:6      | Found a sacrificial altar of Ru.
  3842 | D:6      | Noticed Dowan
  3843 | D:6      | Noticed Duvessa
  3861 | D:6      | Killed Duvessa
  3868 | D:6      | Killed Dowan
  4009 | D:7      | Reached XP level 10. HP: 77/77 MP: 10/10
  4175 | D:7      | Reached **** piety under Trog
  4180 | D:7      | Reached skill level 14 in Armour
  4408 | D:7      | Found a glowing silver altar of Zin.
  4528 | D:8      | Found Docaem's Antique Weapon Shop.
  4615 | D:8      | Found Teblatus's Weapon Shop.
  4888 | D:8      | Noticed a three-headed hydra
  4902 | D:8      | Killed a three-headed hydra
  5232 | D:8      | Found a shimmering altar of Xom.
  5607 | D:9      | Noticed an elephant
  5609 | D:9      | Found a staircase to the Lair.
  5631 | D:9      | Reached XP level 11. HP: 69/82 MP: 13/13
  5653 | D:9      | Gained mutation: Scrolls take you a little longer to read.
                  | [potion of mutation]
  5653 | D:9      | Gained mutation: You occasionally shout uncontrollably at
                  | your foes. [potion of mutation]
  5653 | D:9      | Gained mutation: You have large cloven feet. [potion of
                  | mutation]
  5653 | D:9      | Gained mutation: Your movements are slightly less
                  | encumbered by armour. (ER -2) [potion of mutation]
  5974 | D:9      | Reached skill level 1 in Shields
  6130 | D:9      | Noticed a two-headed ogre
  6143 | D:9      | Killed a two-headed ogre
  6394 | D:9      | Found a blossoming altar of Fedhas.
  6492 | D:9      | Found a staircase to the Orcish Mines.
  6654 | D:9      | Reached skill level 5 in Evocations
  6691 | D:10     | Entered Level 10 of the Dungeon
  6743 | D:10     | Noticed Joseph
  6754 | D:10     | Killed Joseph
  6817 | D:10     | Reached skill level 15 in Armour
  6829 | D:10     | Reached skill level 5 in Fighting
  6919 | D:10     | Reached ***** piety under Trog
  7123 | D:10     | Found an ancient bone altar of Kikubaaqudgha.
  7713 | D:11     | Noticed a two-headed ogre
  7722 | D:11     | Killed a two-headed ogre
  8057 | D:11     | Received a gift from Trog
  8107 | D:11     | Noticed a red ugly thing
  8122 | D:11     | Killed a red ugly thing
  8159 | D:11     | Found a sparkling altar of Nemelex Xobeh.
  8159 | D:11     | Noticed a deep elf mage
  8171 | D:11     | Killed a deep elf mage
  8288 | D:11     | Noticed a two-headed ogre
  8296 | D:11     | Killed a two-headed ogre
  8296 | D:11     | Reached skill level 16 in Armour
  8296 | D:11     | Reached XP level 12. HP: 96/101 MP: 14/14
  9020 | Lair:1   | Entered Level 1 of the Lair of Beasts
 10037 | Lair:2   | Reached skill level 10 in Fighting
 10439 | Lair:2   | Noticed Reachock's ghost (journeyman DEWz)
 10442 | Lair:2   | Noticed a five-headed hydra
 10454 | Lair:2   | Found a transporter.
 10456 | Lair:2   | Noticed a catoblepas
 10485 | Lair:2   | Reached skill level 17 in Armour
 10937 | Lair:2   | Found a transporter.
 10993 | Lair:2   | Noticed Sonja
 10999 | Lair:2   | HP: 4/108 [poisoned by Sonja (curare-tipped dart)]
 11001 | Lair:2   | Mangled by Sonja

Levels and vault maps discovered:
D:1:      ncdulo_wetmaze, layout_loops_cross
D:2:      layout_loops_ring, overflow_temple_1_default, uniq_crazy_yiuf_cottage
D:3:      layout_rooms, chequers_ecumenical_altar_island, first_ration
D:4:      layout_loops_ring, minmay_puff, uniq_pikel
D:5:      layout_basic, nemelex_altar_shiori,
          gammafunk_temple_overflow_elements, uniq_grinder, uniq_eustachio
D:6:      layout_rooms, chequers_temple_overflow_statue_of_worship,
          minmay_temple_entry_tees, serial_shops,
          nicolae_shop_competitors_out_of_business, uniq_duvessa
D:7:      layout_basic, marbit_many_paths
D:8:      layout_cave_pools, xom_teletrap_fun, serial_gnoll_camp,
          gnoll_camp_mini_shop, gnoll_camp_mini_house, gnoll_camp_mini_basic,
          gnoll_camp_mini_hut, serial_shops, shop, hangedman_ranch
          [blue_anna_fruit_fields], bh_walls_and_bars
D:9:      layout_basic, fedhas_altar_decomposition, david_lair_generic,
          orc_0_dummy
D:10:     layout_cave_pods, basic_altar, uniq_joseph
D:11:     layout_grid_maze, portal_ice_cave_entry_pillars_2, minivault_1,
          david_defended_altar_elf
Lair:1:   layout_regular_city, lightli_volcano_entry_magma_tube
Lair:2:   layout_long_grid, gammafunk_ghost_berserking_beasts,
          grunt_megastairs_2, uniq_sonja

Skill      XL: |  1  2  3  4  5  6  7  8  9 10 11 12 |
---------------+-------------------------------------+-----
Maces & Flails | 4 5 6 7 8 9 12 13 14 | 14.0
Armour         | 3 4 5 7 13 14 16 17 | 17.1
Evocations     | 1 4 5 |  5.0
Shields        | 4 |  4.1
Fighting       | 8 10 | 10.8
Dodging        | |  2.1

Action                   |  1- 3 |  4- 6 |  7- 9 | 10-12 || total
-------------------------+-------+-------+-------+-------++-------
Melee: Mace              |    62 |   111 |   131 |   906 ||  1210
       Headbutt          |     8 |    20 |    38 |   237 ||   303
       Whip              |       |       |    45 |       ||    45
       Great sword       |       |       |    10 |       ||    10
       Kick              |       |       |       |   244 ||   244
Invok: Berserk           |       |     1 |     1 |     1 ||     3
       Brothers in Arms  |       |       |       |     3 ||     3
Evoke: Wand              |       |       |       |     2 ||     2
  Use: Scroll            |       |     2 |     9 |     6 ||    17
       Potion            |       |       |     7 |     6 ||    13
 Stab: Sleeping          |     1 |       |       |       ||     1
  Eat: Chunk             |     1 |     4 |     3 |    21 ||    29
       Ration            |       |       |     1 |     1 ||     2
Armor: Leather armour    |     9 |       |       |       ||     9
       Animal skin       |     2 |       |       |       ||     2
       Plate armour      |       |    58 |   106 |   518 ||   682
Dodge: Dodged            |    43 |    33 |    69 |   435 ||   580
Block: Buckler           |       |       |       |   105 ||   105
